AoeStats
← chewie1706

African Clearing

506988679Analyzed
4v4 RM · 16d ago on Sep 16, 2026· 63m 53s· 8 players
Game mode
Random Map
Map size
Large (8 player)
Population
200
Speed
Normal
Resources
Standard
Victory
Conquest
Starting age
Dark Age
Ending age
Imperial Age
RankedLock teamsTeams togetherTeam positionsShared explorationLock speedFull tech treeHidden civsTurbo modeCheats
Victory
Defeat
🇫🇷 Spanish · France
1509
+10
🇫🇷 Magyars · France
1340
+17
🇫🇷 Magyars · France
1337
+17
🇨🇭 Maya · Switzerland
1231
+21
🇨🇦 Berbers · Canada
1434
-19
🇺🇸 Bohemians · United States
1432
-19
🇺🇸 Britons · United States
1313
-14
🇺🇸 Italians · United States
1273
-13
chewie1706
5:01 Loom
13:59 Feudal Age
18:24 Castle Age
16:57 Double-Bit Axe
17:05 Fletching
26:50 Padded Archer Armor
28:04 Horse Collar
31:46 Husbandry
33:53 Bloodlines
35:14 Leather Archer Armor
45:09 Wheelbarrow
50:14 Imperial Age
48:03 Gold Mining
50:26 Town Watch
51:28 Ring Archer Armor
50:26 Elite Conquistador
54:02 Supremacy
54:03 Conscription
55:27 Heavy Plow
55:52 Herbal Medicine
55:59 Stone Mining
57:09 Bodkin Arrow
60:00 Chemistry
59:21 Ballistics
62:14 Scale Barding Armor
62:20 Forging
62:46 Sappers
AGS.Grimnel
4:00 Loom
14:12 Feudal Age
18:40 Castle Age
17:49 Double-Bit Axe
18:50 Stone Mining
19:30 Fletching
19:42 Padded Archer Armor
20:38 Bow Saw
20:30 Bodkin Arrow
21:23 Leather Archer Armor
21:53 Horse Collar
23:05 Gold Mining
28:00 Wheelbarrow
28:04 Ballistics
31:15 Hand Cart
31:30 Murder Holes
34:38 Town Watch
38:15 Imperial Age
38:11 Forging
38:03 Scale Mail Armor
38:11 Thumb Ring
37:28 Elite Skirmisher
39:46 Conscription
40:39 Bracer
41:09 Ring Archer Armor
41:44 Chemistry
41:53 Elite Plumed Archer
45:46 Two-Man Saw
47:09 Iron Casting
46:49 Chain Mail Armor
46:37 Caravan
47:01 Heavy Plow
48:38 Crop Rotation
50:28 Blast Furnace
53:36 Fortified Wall
53:36 Masonry
56:15 Plate Mail Armor
56:06 Town Patrol
56:29 Sanctity
56:10 Devotion
56:43 Eagle Warrior
57:24 Squires
58:00 Holcans
57:39 Elite Eagle Warrior
AGS.Shirar
9:07 Loom
12:44 Feudal Age
13:18 Double-Bit Axe
16:26 Horse Collar
23:15 Castle Age
22:23 Scale Barding Armor
23:55 Bloodlines
28:32 Husbandry
38:03 Chain Barding Armor
41:49 Fletching
47:47 Bow Saw
47:38 Heavy Plow
47:29 Gold Mining
47:30 Stone Mining
48:23 Wheelbarrow
53:06 Imperial Age
54:25 Plate Barding Armor
53:12 Cavalier
54:44 Paladin
62:07 Conscription
AGS.Sylvatica
12:48 Feudal Age
16:27 Castle Age
14:28 Double-Bit Axe
16:07 Scale Barding Armor
17:11 Husbandry
17:58 Loom
19:36 Horse Collar
29:02 Wheelbarrow
34:51 Fletching
37:40 Imperial Age
36:27 Hand Cart
36:21 Bodkin Arrow
39:40 Bloodlines
40:00 Siege Engineers
40:32 Masonry
40:37 Onager
41:52 Heavy Plow
41:35 Cavalier
43:00 Conscription
43:01 Corvinian Army
43:20 Elite Magyar Huszar
44:52 Chain Barding Armor
46:36 Plate Barding Armor
47:54 Bracer
48:55 Chemistry
49:00 Recurve Bow
48:47 Town Watch
51:50 Ballistics
55:49 Paladin
58:24 Crop Rotation
58:17 Bow Saw
61:02 Padded Archer Armor
63:36 Capped Ram
鸭子
3:31 Loom
14:25 Feudal Age
21:29 Castle Age
24:44 Pikeman
29:01 Redemption
38:05 Padded Archer Armor
40:15 Double-Bit Axe
45:50 Imperial Age
43:36 Fletching
47:14 Leather Archer Armor
48:25 Chemistry
49:08 Ring Archer Armor
49:04 Bodkin Arrow
50:40 Conscription
50:27 Elite Hussite Wagon
52:29 Wagenburg Tactics
55:09 Bombard Tower
54:23 Elite Skirmisher
56:16 Ballistics
55:58 Bracer
58:06 Halberdier
zhazhahui
10:00 Loom
14:24 Feudal Age
18:15 Castle Age
16:32 Double-Bit Axe
16:41 Gold Mining
23:54 Bow Saw
26:34 Fletching
28:07 Horse Collar
33:28 Bodkin Arrow
34:26 Padded Archer Armor
36:22 Wheelbarrow
37:18 Leather Archer Armor
38:24 Gold Shaft Mining
37:40 Stone Mining
39:14 Hand Cart
38:46 Town Watch
42:19 Imperial Age
42:00 Stone Shaft Mining
41:40 Bloodlines
41:30 Husbandry
41:55 Ballistics
42:33 Thumb Ring
43:01 Bracer
43:32 Ring Archer Armor
43:26 Conscription
44:10 Heavy Plow
45:58 Chemistry
44:51 Elite Camel Archer
45:32 Maghrebi Camels
50:32 Scale Barding Armor
50:38 Forging
51:48 Heavy Camel Rider
52:58 Chain Barding Armor
53:14 Iron Casting
52:16 Light Cavalry
52:58 Hussar
60:49 Town Patrol
I KHAN DO IT
4:39 Loom
13:02 Feudal Age
14:44 Double-Bit Axe
23:42 Castle Age
22:45 Padded Archer Armor
22:37 Horse Collar
24:26 Fletching
24:27 Crossbowman
25:09 Crossbowman
29:50 Bodkin Arrow
32:29 Ballistics
33:44 Bow Saw
37:40 Gold Mining
44:10 Imperial Age
45:40 Leather Archer Armor
48:45 Imperial Age
49:28 Bracer
49:02 Arbalester
50:40 Stone Mining
51:14 Elite Skirmisher
54:26 Chemistry
55:24 Ring Archer Armor
56:56 Masonry
63:57 Scale Mail Armor
vuongan255
13:07 Feudal Age
17:14 Castle Age
15:31 Double-Bit Axe
15:38 Gold Mining
16:02 Stone Mining
17:31 Loom
18:48 Bow Saw
23:12 Fletching
24:19 Bodkin Arrow
30:51 Padded Archer Armor
35:05 Wheelbarrow
40:13 Ballistics
40:09 Leather Archer Armor
42:48 Town Watch
44:21 Squires
55:06 Imperial Age
56:12 Imperial Age
58:19 Chemistry
57:57 Bracer
61:41 Ring Archer Armor
Connection lost

Rejoining the realm…

Still unreachable

The connection could not be restored.

Session expired

The server has moved on; the page needs a fresh start.